 Dungeon Crawl Stone Soup version 0.20.1-1-g8b1a95d (webtiles) character file.

3663 Zeege the Grappler (level 9, -3/84 HPs)
             Began as a Troll Monk on Nov 13, 2017.
             Killed from afar by an electric eel (14 damage)
             ... with a bolt of electricity
             ... on level 8 of the Dungeon.
             The game lasted 00:26:29 (5939 turns).

Zeege the Grappler (Troll Monk)                     Turns: 5939, Time: 00:26:30

Health: -3/84      AC:  7    Str: 24    XL:     9   Next: 89%
Magic:  8/8        EV: 15    Int:  6    God:
Gold:   472        SH:  0    Dex: 14    Spells: 8/8 levels left

rFire    . . .     SeeInvis .     - Unarmed
rCold    . . .     Gourm    +   (no shield)
rNeg     . . .     Faith    .   a - +1 robe
rPois    .         Spirit   .   F - +0 hat
rElec    .         Reflect  .   j - +0 cloak
rCorr    .         Harm     .   (gloves unavailable)
MR       +....                  (boots unavailable)
Stlth    ++........             h - amulet of regeneration
Regen    1.1/turn               g - ring of protection from magic
MPRegen  0.2/turn               v - +4 ring of dexterity

@: no status effects
A: unfitting armour, antennae 1, claws 3, repulsion field 1, blink, clumsy 1,
fast metabolism 3, gourmand, regeneration 1, shaggy fur 1, tough skin 2
a: Blink


You were on level 8 of the Dungeon.
You were full.

You visited 2 branches of the dungeon, and saw 10 of its levels.

You collected 472 gold pieces.

Inventory:

Missiles
 i - 4 exploding tomahawks (quivered)
Armour
 a - a +1 robe (worn)
 j - a +0 cloak (worn)
 F - a +0 hat (worn)
Jewellery
 g - a ring of protection from magic (left claw)
 h - an amulet of regeneration (around neck)
 k - an uncursed ring of protection from fire
 s - an uncursed ring of magical power
 v - a +4 ring of dexterity (right claw)
Wands
 D - a wand of disintegration (10/24)
Scrolls
 e - 3 scrolls of remove curse
 l - a scroll of enchant armour
 r - a scroll of identify
 w - a scroll of fog {unknown}
 E - 2 scrolls of teleportation
 G - a scroll of magic mapping {unknown}
Potions
 c - a potion of magic {unknown}
 d - a potion of might {unknown}
 m - 2 potions of curing
 n - a potion of resistance {unknown}
 o - 4 potions of mutation
 p - 3 potions of ambrosia
 q - a potion of berserk rage {unknown}
 t - 4 potions of heal wounds
 u - 2 potions of flight {unknown}
 x - a potion of haste {unknown}
 A - 4 potions of agility
 C - a potion of invisibility {unknown}
Books
 y - a book of Maledictions

   Spells                             Type                      Level
   a - Corona                         Hexes                        1
   b - Ensorcelled Hibernation        Hexes/Ice                    2
   c - Confuse                        Hexes                        3
   d - Tukima's Dance                 Hexes                        3
   e - Dazzling Spray                 Conjuration/Hexes            3
Comestibles
 b - 3 bread rations
 f - 5 meat rations
 z - 5 royal jellies
 B - 7 fruits


   Skills:
 + Level 4.3 Fighting
 + Level 6.2 Dodging
 - Level 2.0 Stealth
 + Level 11.5 Unarmed Combat


You had 8 spell levels left.
You didn't know any spells.

Dungeon Overview and Level Annotations

Branches:
Dungeon (9/15)             Temple (1/1) D:4            Lair (0/6) D:8
    Orc: D:9-12

Altars:
Ashenzari
Cheibriados
Dithmenos
Elyvilon
Fedhas
Gozag
Hepliaklqana
Kikubaaqudgha
Makhleb
Nemelex Xobeh
Okawaru
Qazlal
Ru
Sif Muna
Trog
Uskayaw
Vehumet
Xom
Yredelemnul
Zin
The Shining One

Shops:
D:7 (


Innate Abilities, Weirdness & Mutations

You are too large for most types of armour.
You have claws for hands.
Your metabolism is lightning-fast.
You like to eat raw meat.
Your natural rate of healing is unusually fast.
You are covered in fur. (AC +1)
You have very tough skin. (AC +2)
You have a pair of small antennae on your head.
You are surrounded by a mild repulsion field. (EV +2)
You can translocate small distances at will.
You are clumsy. (Dex -2)


Message History

Okay, then.
You blink.
Splash!
You fall into the shallow water.
Moving in this stuff is going to be slow.
You feel slightly less full.
An electric eel comes into view.
The electric eel shoots out a bolt of lightning at you!
The bolt of electricity hits you!
* * * LOW HITPOINT WARNING * * *
Found 14 gold pieces.
Found a staircase to the Lair.
You blink.
You feel slightly less full.
The electric eel shoots out a bolt of lightning at you!
The bolt of electricity misses you.
The electric eel shoots out a bolt of lightning at you!
The bolt of electricity hits you!
* * * LOW HITPOINT WARNING * * *
The electric eel shoots out a bolt of lightning at you!
The bolt of electricity hits you!
You die...

# ...≈≈≈.≈≈≈≈≈......†).... #
..≈≈≈≈.≈≈;;≈...........# #
.≈.≈≈≈.≈.≈≈≈≈.######...# #
.≈.≈≈≈.≈.≈≈............. #
≈...≈≈...≈.....###...... ####
. ...................#.###
...##..
...................#.###
.......
####..#..###.....#...#
#...#..# ##@..## #.....###..
........## #.### #.....# ##.
........... #.## #.....# #.
##.##### #.. #..### #.....#
## .# #.#.###...###.....# #
###### .....###..############
......# #.#........#######...
.......##....>.............##
........###..###.##.........#


You could see 2 electric eels.

Vanquished Creatures
  The ghost of Ratty the Skirmisher, an amateur OgBe of Trog (D:5)
  Prince Ribbit (D:5)
  The ghost of YrmMerkstave the Slasher, an amateur HuFi (D:3)
  A hungry ghost (D:8)
  2 water moccasins
  An ice beast (D:7)
  An orc warrior (D:7)
  3 sky beasts
  An ogre (D:8)
  8 centaurs
  4 bullfrogs
  3 scorpions
  2 howler monkeys
  2 crimson imps (D:6)
  2 jellies (D:7)
  A quasit (D:6)
  8 orc wizards
  2 centaur skeletons
  5 hounds
  2 iguanas
  4 worker ants
  A hound zombie (D:8)
  A hound skeleton (D:5)
  10 gnolls
  9 adders
  A shadow imp (D:8)
  2 oozes
  3 worms
  5 dart slugs
  5 leopard geckos
  7 orcs
  3 ball pythons
  3 bats (D:1)
  12 giant cockroaches
  5 goblins
  3 hobgoblins
  5 jackals
  2 quokkas
  3 frilled lizards
  A jackal skeleton (D:8)
  A jackal zombie (D:6)
  8 kobolds
  10 rats
155 creatures vanquished.

Vanquished Creatures (others)
  An adder (D:8)
1 creature vanquished.

Grand Total: 156 creatures vanquished

Notes
Turn   | Place    | Note
-------+----------+-------------------------------------------
     0 | D:1      | Zeege the Troll Monk began the quest for the Orb.
     0 | D:1      | Reached XP level 1. HP: 22/22 MP: 0/0
    78 | D:1      | Reached XP level 2. HP: 25/29 MP: 1/1
   381 | D:1      | Reached XP level 3. HP: 36/36 MP: 2/2
  1020 | D:2      | Found a stormy altar of Qazlal.
  1207 | D:2      | Reached skill level 4 in Unarmed Combat
  1211 | D:2      | Reached XP level 4. HP: 44/44 MP: 3/3
  1243 | D:2      | Found a sparkling altar of Nemelex Xobeh.
  1258 | D:3      | Noticed YrmMerkstave's ghost (amateur HuFi)
  1588 | D:2      | Gained mutation: You are clumsy. (Dex -2) [potion of mutation]
  1588 | D:2      | Gained mutation: You can translocate small distances at will. [potion of mutation]
  1588 | D:2      | Gained mutation: You have a pair of small antennae on your head. [potion of mutation]
  1588 | D:2      | Gained mutation: You are surrounded by a mild repulsion field. (EV +2) [potion of mutation]
  1644 | D:3      | Killed YrmMerkstave's ghost
  1644 | D:3      | Reached skill level 5 in Unarmed Combat
  1644 | D:3      | Reached XP level 5. HP: 30/52 MP: 4/4
  1831 | D:3      | Noticed a sky beast
  1855 | D:3      | Killed a sky beast
  1855 | D:3      | Reached XP level 6. HP: 43/59 MP: 5/5
  2016 | D:4      | Found a staircase to the Ecumenical Temple.
  2163 | D:4      | Reached skill level 6 in Unarmed Combat
  2273 | D:4      | Found a sacrificial altar of Ru.
  2632 | Temple   | Entered the Ecumenical Temple
  2944 | D:3      | Found a glowing golden altar of the Shining One.
  3294 | D:5      | Entered Level 5 of the Dungeon
  3296 | D:5      | Noticed Prince Ribbit
  3305 | D:5      | Reached XP level 7. HP: 65/67 MP: 6/6
  3369 | D:5      | Found a hide-covered altar of Uskayaw.
  3370 | D:5      | Noticed a dagger
  3371 | D:5      | Noticed a dagger
  3479 | D:5      | Noticed Ratty's ghost (amateur OgBe)
  3486 | D:5      | Reached skill level 7 in Unarmed Combat
  3502 | D:5      | Killed Ratty's ghost
  3502 | D:5      | Reached XP level 8. HP: 35/75 MP: 7/7
  3548 | D:6      | Found a shattered altar of Ashenzari.
  3602 | D:5      | Reached skill level 8 in Unarmed Combat
  3884 | D:5      | Killed Prince Ribbit
  4131 | D:6      | Reached skill level 9 in Unarmed Combat
  4487 | D:6      | Reached skill level 5 in Dodging
  4600 | D:6      | Reached XP level 9. HP: 83/84 MP: 8/8
  4716 | D:6      | Reached skill level 10 in Unarmed Combat
  4974 | D:7      | Found Itaoney's Weapon Emporium.
  5504 | D:8      | Noticed a troll
  5616 | D:7      | Reached skill level 11 in Unarmed Combat
  5937 | D:8      | Found a staircase to the Lair.
  5939 | D:8      | Killed from afar by an electric eel

Skill      XL: |  1  2  3  4  5  6  7  8  9 |
---------------+----------------------------+-----
Dodging        | 3 4 5 6 |  6.2
Unarmed Combat | 4 5 6 7 9 11 | 11.5
Fighting       | 3 4 |  4.3
Stealth        | 2 |  2.0

Action                   |  1- 3 |  4- 6 |  7- 9 || total
-------------------------+-------+-------+-------++-------
Melee: Unarmed           |    89 |   125 |   286 ||   500
       Punch             |     2 |     2 |    12 ||    16
 Abil: Blink             |       |       |     7 ||     7
Evoke: Wand              |       |       |     1 ||     1
  Use: Scroll            |     1 |     5 |     8 ||    14
       Potion            |       |     1 |       ||     1
 Stab: Sleeping          |     1 |     4 |     2 ||     7
       Distracted        |       |     1 |       ||     1
       Paralysed         |       |     1 |       ||     1
  Eat: Chunk             |    17 |    13 |    37 ||    67
Armor: Robe              |    35 |    38 |    77 ||   150
Dodge: Dodged            |    46 |    42 |   167 ||   255
